 Dungeon Crawl Stone Soup version 0.27.1 (webtiles) character file.

Game seed: 1771451677075466570

7396 AIAndy the Thaumaturge (level 11, 0/76 HPs)
             Began as a Djinni Air Elementalist on Aug 28, 2021.
             Was an Elder of Lugonu.
             Slain by a wraith (10 damage)
             ... led by Josephine
             ... on level 9 of the Dungeon.
             The game lasted 00:59:20 (15940 turns).

AIAndy the Thaumaturge (Djinni Air Elementalist)   Turns: 15940, Time: 00:59:21

Health: 0/76       AC: 16    Str:  9    XL:     11   Next: 36%
Gold:   547        EV: 12    Int: 19    God:    Lugonu [****..] SH:  5 Dex: 13

rFire    + + .     SeeInvis .   q - +2 whip (elec)
rCold    x . .     Faith    .   b - +0 buckler
rNeg     . . .     Spirit   .   l - +0 swamp dragon scales
rPois    ∞         Reflect  .   g - +1 helmet
rElec    .         Harm     .   (no cloak)
rCorr    .         Rampage  .   C - +0 pair of gloves
Will     ++...                  (boots unavailable)
Stlth    +.........             (no amulet)
HPRegen  0.22/turn              T - +4 ring of protection
MPRegen  0.00/turn              W - ring of willpower

@: about to teleport, flying, hasted, very quick
A: sickness immunity, fire resistance 2, cold vulnerability 1, float, innate
caster, hp casting, extra vitality 1
a: Renounce Religion, Depart the Abyss, Bend Space, Banish, Corrupt


You were on level 9 of the Dungeon.
You worshipped Lugonu.
Lugonu was greatly pleased with you.
You visited 2 branches of the dungeon, and saw 11 of its levels.

You collected 582 gold pieces.
You spent 35 gold pieces at shops.


Innate Abilities, Weirdness & Mutations

You are immune to sickness and miasma.
You are immune to poison.
Your flesh is very heat resistant. (rF++)
You are vulnerable to cold. (rC-)
You float through the air rather than walking.
You learn spells naturally, not from books.
Your magical power is your life essence.
You have superior vitality. (+4 HP)


   Skills:
 + Level 5.4 Fighting
 + Level 5.4 Armour
 - Level 6.0 Dodging
 - Level 1.5 Stealth
 - Level 4.0 Shields
 + Level 10.4 Spellcasting
 + Level 1.7 Invocations


You had 7 spell levels left.
You knew the following spells:

 Your Spells              Type           Power      Damage    Failure   Level
a - Airstrike             Air            24%        N/A       2%          4
c - Call Imp              Summ           49%        N/A       1%          2
f - Fulminant Prism       Conj/Hex       24%        3d13      2%          4
i - Swiftness             Air            49%        N/A       1%          3
p - Sting                 Tmut/Pois      100%       1d8       1%          1
r - Corpse Rot            Necr/Air       N/A        N/A       1%          2
t - Static Discharge      Conj/Air       49%        N/A       1%          2
z - Shock                 Conj/Air       100%       1d9       1%          1
X - Animate Armour        Summ/Erth      98%        N/A       2%          4
Your spell library was empty.

Inventory:

Hand Weapons
 d - a +4 dagger of chaos
 q - a +2 whip of electrocution (weapon)
 E - a +4 short sword of freezing
Missiles
 x - 3 throwing nets {=f}
Armour
 a - a +0 robe
 b - a +0 buckler (worn)
 g - a +1 helmet (worn)
 l - +0 swamp dragon scales (worn)
 A - a +2 scale mail of willpower
 C - a +0 pair of gloves (worn)
Jewellery
 v - a ring of see invisible
 w - a ring of willpower
 z - a ring of wizardry
 S - a +6 ring of strength
 T - a +4 ring of protection (left hand)
 W - a ring of willpower (right hand)
 Z - a ring of wizardry
Wands
 h - a wand of polymorph (2)
 o - a wand of acid (5)
 r - a wand of flame (33)
 y - a wand of paralysis (5)
Scrolls
 j - a scroll of silence {unknown}
 m - a scroll of fog
 F - a scroll of immolation {unknown}
 G - a scroll of holy word {unknown}
Potions
 c - 3 potions of haste {@q3}
 e - 6 potions of curing {@q1}
 f - a potion of degeneration {unknown}
 i - 4 potions of might
 k - a potion of berserk rage {unknown}
 p - 2 potions of mutation
 s - 3 potions of attraction
 t - 2 potions of heal wounds {@q2}
 u - a potion of lignification {unknown}
 B - a potion of brilliance {unknown}
 D - a potion of invisibility

Dungeon Overview and Level Annotations

Branches:
Dungeon (10/15)            Temple (1/1) D:5
   Lair: D:8-11         Orc: D:9-12

Altars:
Ashenzari
Cheibriados
Dithmenos
Elyvilon
Fedhas
Gozag
Hepliaklqana
Kikubaaqudgha
Makhleb
Nemelex Xobeh
Okawaru
Qazlal
Ru
Sif Muna
Trog
Uskayaw
Vehumet
Wu Jian
Xom
Yredelemnul
Zin
The Shining One
Lugonu

Shops:
D:6 ((**:(   D:9 (   D:10 =

Annotations:
D:7 1 runed translucent door
D:10 Fannar

#############
##.!...#.....##
##.@W..........##
#.W.............#
#...............#
#...............#
#...............#
#...............#
#...............###
##................##
##.....#.....###..#


You could see 2 wraiths.


Message History

Confirm with . or Enter, or press ? or * to list all spells.
Aiming: Airstrike (dangerous; 2% risk of failure)
Press: ? - help, Dir - move target, f - wraith
Aim: a wraith (ally target)
The air twists around and strikes the wraith!
The wraith is moderately damaged.
* * * LOW HITPOINT WARNING * * *
The wraith hits you but does no damage. x2
Casting: Airstrike (dangerous; 2% risk of failure)
Confirm with . or Enter, or press ? or * to list all spells.
Aiming: Airstrike (dangerous; 2% risk of failure)
Press: ? - help, Dir - move target, f/p - wraith
Aim: a wraith (moderately damaged, ally target)
The air twists around and strikes the wraith.
The wraith is heavily damaged.
* * * LOW HITPOINT WARNING * * *
Your fulminant prism explodes!
The blast of energy engulfs the wraith!
The wraith is moderately damaged.
The blast of energy engulfs your animated swamp dragon scales!!
Your animated swamp dragon scales is heavily damaged.
The blast of energy engulfs the wraith!
The wraith is moderately damaged.
Your animated swamp dragon scales disappears in a puff of smoke!
The wraith hits you but does no damage. The wraith misses you.
You fly upwards.
There is a stone staircase leading down here.
As you read the scroll of teleportation {@r2}, it crumbles to dust.
You feel strangely unstable. The wraith barely misses you. The wraith hits you!
You die...

Skill      XL: |  1  2  3  4  5  6  7  8  9 10 11 |
---------------+----------------------------------+-----
Shields        | 1 2 3 4 |  4.0
Spellcasting   | 3 4 5 7 9 10 | 10.4
Fighting       | 4 5 |  5.4
Dodging        | 3 6 |  6.0
Armour         | 3 5 |  5.4
Invocations    | 1 |  1.7
Stealth        | |  1.5

Action                   |  1- 3 |  4- 6 |  7- 9 | 10-12 || total
-------------------------+-------+-------+-------+-------++-------
 Cast: Shock             |    67 |    90 |    88 |    48 ||   293
       Sting             |     5 |    10 |     8 |       ||    23
       Static Discharge  |     1 |    19 |    29 |    15 ||    64
       Call Imp          |       |       |     3 |       ||     3
       Airstrike         |       |       |    79 |    75 ||   154
       Fulminant Prism   |       |       |       |     4 ||     4
       Animate Armour    |       |       |       |     2 ||     2
  Use: Scroll            |       |       |    11 |     7 ||    18
       Potion            |       |       |       |     2 ||     2
Armor: Robe              |     1 |     1 |    11 |     2 ||    15
       Swamp dragon scal |       |       |       |    14 ||    14
Dodge: Dodged            |     3 |     5 |    25 |    39 ||    72
Block: Buckler           |     1 |     3 |    12 |    11 ||    27

Levels and vault maps discovered:
D:1:      dpeg_arrival_pits, layout_basic,
          hellmonk_ecumenical_altar_prayer_group, minmay_hedge_maze,
          item_on_display_a
D:2:      layout_basic, basic_altar, minmay_misc_feat_alley,
          hangedman_feature_mirror, uniq_jessica, uniq_natasha
D:3:      layout_loops_ring, lemuel_round_altar,
          mainiacjoe_overflow_concentric_impassable, minmay_starry_boxes
D:4:      wander_river, layout_loops_ring, nicolae_qazlal_eye_of_the_storm,
          uniq_blork_the_orc
D:5:      layout_cave_pools, kennysheep_okawaru_gauntlet,
          minmay_temple_entry_ruins, grunt_decor_cap, sword_in_stone
D:6:      layout_basic, grunt_temple_overflow_champion_of_chaos,
          nicolae_dithmenos_the_darkroom, elyvilon_altar_3,
          mainiacjoe_overflow_large_starburst, serial_shops,
          nicolae_take_the_stairs, shop, shop_statue, shop_statue,
          kennysheep_little_box, nicolae_shop_clearance, uniq_menkaure,
          uniq_maggie
D:7:      cheibrodos_shockbox, layout_basic
D:8:      layout_basic, uniq_harold
D:9:      layout_rooms, serial_shops, nicolae_stop_n_shop_2,
          kennysheep_just_a_vault
D:10:     layout_basic, serial_shops, shop, uniq_josephine, uniq_fannar
Temple:   hc_temple_tempest_star

Notes
Turn   | Place    | Note
-------+----------+-------------------------------------------
     0 | D:1      | AIAndy the Djinni Air Elementalist began the quest for the
                  | Orb.
     0 | D:1      | Reached XP level 1. HP: 15/15 MP: 0/0
   332 | D:1      | Reached XP level 2. HP: 16/21 MP: 0/0
   716 | D:1      | Found a faded altar of an unknown god.
   726 | D:1      | Became a worshipper of Lugonu the Unformed
   726 | D:1      | Reached * piety under Lugonu
   726 | D:1      | Reached ** piety under Lugonu
   964 | D:1      | Reached skill level 1 in Shields
  1119 | D:1      | Reached XP level 3. HP: 24/25 MP: 0/0
  1119 | D:1      | Learned a level 1 spell: Sting
  1283 | D:2      | Reached skill level 3 in Spellcasting
  1871 | D:2      | Reached XP level 4. HP: 26/31 MP: 0/0
  1882 | D:2      | Noticed Natasha
  1888 | D:2      | Killed Natasha
  1889 | D:2      | Reached skill level 2 in Shields
  2115 | D:2      | Noticed Natasha
  2121 | D:2      | Killed Natasha
  2122 | D:2      | Reached XP level 5. HP: 27/35 MP: 0/0
  2122 | D:2      | Learned a level 2 spell: Call Imp
  2293 | D:2      | Noticed Natasha
  2411 | D:2      | Killed Natasha
  2883 | D:2      | Noticed Jessica
  2892 | D:2      | Killed Jessica
  2893 | D:2      | Reached skill level 3 in Shields
  3472 | D:3      | Found a basalt altar of Yredelemnul.
  3817 | D:3      | Reached XP level 6. HP: 35/40 MP: 0/0
  3901 | D:3      | Found a broken altar of Ashenzari.
  4091 | D:4      | Reached *** piety under Lugonu
  4093 | D:4      | Reached skill level 4 in Spellcasting
  4534 | D:4      | Reached skill level 4 in Shields
  4549 | D:4      | Noticed Blork the orc
  4694 | D:4      | Killed Blork the orc
  4695 | D:4      | Reached XP level 7. HP: 28/45 MP: 0/0
  4695 | D:4      | Learned a level 2 spell: Corpse Rot
  5218 | D:4      | Reached skill level 5 in Spellcasting
  5368 | D:4      | Found a stormy altar of Qazlal.
  5648 | D:5      | Entered Level 5 of the Dungeon
  6451 | D:5      | Reached XP level 8. HP: 36/50 MP: 0/0
  6486 | D:5      | Reached skill level 6 in Spellcasting
  6940 | D:5      | Found an iron altar of Okawaru.
  7289 | D:5      | Found a staircase to the Ecumenical Temple.
  7343 | D:5      | Reached skill level 7 in Spellcasting
  7350 | D:5      | HP: 2/50 [orc warrior (16)]
  7375 | Temple   | Entered the Ecumenical Temple
  8247 | D:6      | Found Camaobiu's Weapon Shoppe.
  8378 | D:6      | Found a white marble altar of Elyvilon.
  8392 | D:6      | Noticed Menkaure
  8395 | D:6      | Killed Menkaure
  8396 | D:6      | Reached XP level 9. HP: 43/55 MP: 0/0
  8396 | D:6      | Learned a level 4 spell: Animate Armour
  8473 | D:6      | Found a shadowy altar of Dithmenos.
  8481 | D:6      | Reached skill level 8 in Spellcasting
  8686 | D:6      | Identified the +5 hunting sling "Cilur" {vorpal, Contam
                  | rElec MP+9}
  8690 | D:6      | Found Quwnuir's Assorted Antiques.
  8696 | D:6      | Noticed Maggie
  8705 | D:6      | Killed Maggie
  8706 | D:6      | Reached skill level 2 in Fighting
  8950 | D:6      | Found Voh Woss's CLEARANCE SALE! EVERYTHING MUST GO!.
  8957 | D:6      | Bought a scroll of identify for 6 gold pieces
  8957 | D:6      | Bought a scroll of fog for 6 gold pieces
  9018 | D:6      | Found a sacrificial altar of Ru.
  9018 | D:6      | Found a blossoming altar of Fedhas.
  9038 | D:6      | Found Eduss's Weapon Shoppe.
  9052 | D:6      | Bought a scroll labelled SOCLEL POOTUQE for 23 gold pieces
  9064 | D:6      | Found Ecasiwib's Book Shop.
  9190 | D:6      | Found a shimmering altar of Xom.
  9190 | D:6      | Found a burning altar of Makhleb.
  9404 | D:6      | Found Desk's Antique Weapon Emporium.
  9560 | D:6      | Reached skill level 3 in Fighting
 10568 | D:7      | Reached **** piety under Lugonu
 10577 | D:7      | Reached skill level 4 in Fighting
 10791 | D:7      | Reached skill level 9 in Spellcasting
 11139 | D:7      | Reached skill level 3 in Dodging
 11139 | D:7      | Reached XP level 10. HP: 40/69 MP: 0/0
 11488 | D:7      | Found a runed translucent door.
 11492 | D:7      | Noticed a sixfirhy
 11801 | D:7      | Reached skill level 5 in Fighting
 12198 | D:8      | Noticed Harold
 12208 | D:8      | Killed Harold
 12209 | D:8      | Reached skill level 5 in Dodging
 12955 | D:8      | Reached skill level 1 in Armour
 13114 | D:8      | Noticed a cyclops
 13119 | D:8      | Killed a cyclops
 13326 | D:8      | Reached skill level 2 in Armour
 13326 | D:8      | Reached skill level 6 in Dodging
 13716 | D:9      | Reached skill level 3 in Armour
 13906 | D:9      | Reached skill level 10 in Spellcasting
 13975 | D:9      | Reached XP level 11. HP: 63/75 MP: 0/0
 13975 | D:9      | Learned a level 4 spell: Fulminant Prism
 14143 | D:9      | Found Jilaynle's Antique Weapon Shop.
 14302 | D:9      | Reached skill level 4 in Armour
 15194 | D:10     | Entered Level 10 of the Dungeon
 15194 | D:10     | Noticed Josephine
 15525 | D:10     | Reached skill level 5 in Armour
 15621 | D:10     | Noticed Fannar
 15625 | D:10     | Found Hyehot's Jewellery Shoppe.
 15935 | D:10     | Killed Josephine
 15936 | D:10     | Reached skill level 1 in Invocations
 15940 | D:9      | Slain by a wraith

Vanquished Creatures
  Harold (D:8)
  A cyclops (D:8)
  Maggie (D:6)
  A slime creature (D:9)
  A wyvern (D:9)
  A wraith (D:9)
  3 yaks
  A vampire (D:10)
  Menkaure (D:6)
  A water moccasin (D:9)
  A hornet zombie (D:7)
  A black bear (D:7)
  6 orc warriors
  A sky beast (D:8)
  An ogre (D:5)
  2 centaurs
  A phantom (D:5)
  5 kobold brigands
  Blork the orc (D:4)
  2 bullfrogs
  2 gnoll sergeants (D:5)
  A wyvern zombie (D:6)
  2 scorpions
  4 killer bees (D:9)
  7 wights
  2 howler monkeys (D:8)
  2 centaur zombies
  A crimson imp (D:6)
  4 hounds
  A jelly (D:4)
  An orc priest (D:8)
  2 centaur skeletons
  2 gnoll shamans
  A scorpion zombie (D:5)
  Jessica (D:2)
  Natasha (thrice) (D:2)
  4 iguanas
  6 orc wizards
  A hound skeleton (D:4)
  6 adders
  8 gnolls
  2 shadow imps
  3 white imps
  An ufetubus (D:4)
  An adder skeleton (D:4)
  A dart slug (D:4)
  19 orcs
  5 bats
  6 endoplasms
  4 giant cockroaches
  8 goblins
  6 hobgoblins
  4 jackals
  5 quokkas
  9 ball pythons
  2 frilled lizards
  34 kobolds
  A quokka skeleton (D:3)
  3 rats
208 creatures vanquished.

Vanquished Creatures (collateral kills)
  Josephine (D:10)
  A phantom (D:5)
  A water moccasin zombie (D:5)
3 creatures vanquished.

Vanquished Creatures (others)
  4 fulminant prisms
4 creatures vanquished.

Grand Total: 215 creatures vanquished

Table legend: (Time is in decaauts)
 A = Elapsed time spent in this place.
 B = Non-inter-level travel time spent in this place.
 C = Inter-level travel time spent in this place.
 D = Time resting spent in this place.
 E = Time spent auto-exploring this place.
 F = Levels seen in this place.
 G = Mean time per level.
                   A        B        C        D        E       F      G
               +--------+--------+--------+--------+--------+-----+--------+
         Total |  15919 |  15527 |    392 |   3775 |  10321 |  11 | 1447.2 |
       Dungeon |  15493 |  15119 |    374 |   3500 |  10198 |  10 | 1549.3 |
        Temple |    425 |    407 |     18 |    275 |    123 |   1 |  425.0 |
               +--------+--------+--------+--------+--------+-----+--------+

Top non-repeatable levels by time:
     D:7: 2284 daAuts
     D:6: 1934 daAuts
     D:4: 1833 daAuts
     D:9: 1817 daAuts
     D:5: 1780 daAuts
     D:2: 1736 daAuts
     D:1: 1276 daAuts
     D:8: 1256 daAuts
     D:3: 1163 daAuts
  Temple: 425 daAuts
    D:10: 410 daAuts

Table legend:
 A = Non-vault XP
 B = Vault XP
 C = Vault XP percentage of total XP
 D = Non-vault monster count
 E = Vault monster count
 F = Vault count percentage of total count
                 A         B        C        D         E       F
            +---------+---------+-------+---------+---------+-------
      Total |    6695 |    3872 |  36.6 |     182 |      29 |  13.7
            +---------+---------+-------+---------+---------+-------
        D:1 |      27 |       2 |   6.9 |      17 |       1 |   5.6
        D:2 |     118 |      82 |  41.0 |      16 |       8 |  33.3
        D:3 |      34 |       8 |  19.0 |      13 |       5 |  27.8
        D:4 |     311 |      94 |  23.2 |      23 |       1 |   4.2
        D:5 |     726 |     573 |  44.1 |      17 |       7 |  29.2
        D:6 |     650 |     583 |  47.3 |      16 |       3 |  15.8
        D:7 |    1156 |       0 |   0.0 |      21 |       0 |   0.0
        D:8 |    1784 |     987 |  35.6 |      28 |       1 |   3.4
        D:9 |    1461 |     486 |  25.0 |      23 |       2 |   8.0
       D:10 |     428 |    1057 |  71.2 |       8 |       1 |  11.1
            +---------+---------+-------+---------+---------+-------
